 Dungeon Crawl Stone Soup version 0.29.0-11-gd7f09526c8 (webtiles) character file.

Game seed: 1189867193281853704

95 FrogKing the Magician (level 4, 0/31 HPs)
             Began as a Djinni Fire Elementalist on Sept 4, 2022.
             Slain by a gnoll
             ... wielding a +0 whip
              (2 damage)
             ... on level 2 of the Dungeon on Sept 6, 2022.
             The game lasted 00:05:26 (2866 turns).

FrogKing the Magician (Djinni Fire Elementalist)    Turns: 2866, Time: 00:05:27

Health: 0/31       AC: 10    Str:  9    XL:     4   Next: 97%
Gold:   180        EV: 12    Int: 16    God:
                   SH:  0    Dex: 14

rFire   + + .      SeeInvis .   b - +3 dagger (protect)
rCold   x . .      Faith    .   (no shield)
rNeg    . . .      Spirit   .   a - +0 robe
rPois   ∞          Reflect  .   (no helmet)
rElec   .          Harm     .   (no cloak)
rCorr   .          Rampage  .   d - +0 pair of gloves
Will    .....                   (boots unavailable)
Stlth   ++........              (no amulet)
HPRegen 0.10/turn               (no ring)
MPRegen 0.00/turn               (no ring)

@: under a protective aura, flying
A: sickness immunity, fire resistance 2, cold vulnerability 1, float, innate
caster, HP casting, extra vitality 1
a: no special abilities


You were on level 2 of the Dungeon.
You visited 1 branch of the dungeon, and saw 3 of its levels.

You collected 180 gold pieces.

Inventory:

Hand Weapons
 b - a +3 dagger of protection (weapon)
Missiles
 h - 6 poisoned darts
Armour
 a - a +0 robe (worn)
 d - a +0 pair of gloves (worn)
Jewellery
 f - a ring of resist corrosion
Scrolls
 c - 2 scrolls of teleportation {unknown}
 g - 2 scrolls of vulnerability {unknown}
 j - a scroll of enchant weapon {unknown}
 k - 3 scrolls of identify {unknown}
 n - a scroll of amnesia {unknown}
 r - a scroll of immolation {unknown}
Potions
 e - 2 potions of might {unknown}
 i - 2 potions of attraction {unknown}
 l - a potion of haste
 m - a potion of ambrosia {unknown}
 o - 2 potions of lignification {unknown}
 p - a potion of degeneration {unknown}
 q - a potion of heal wounds {unknown}


   Skills:
 - Level 2.1 Dodging
 - Level 1.5 Stealth
 + Level 4.1 Spellcasting


You couldn't memorise any spells.
You knew the following spells:

 Your Spells              Type           Power      Damage    Failure   Level
a - Foxfire               Conj/Fire      64%        2x1d7     3%          1
b - Scorch                Fire           32%        2d7       4%          2
c - Conjure Flame         Conj/Fire      16%        6-21      10%         3
d - Inner Flame           Hex/Fire       16%        N/A       10%         3
e - Flame Wave            Conj/Fire      16%        2d7       30%         4
f - Slow                  Hex            64%        N/A       3%          1
Your spell library was empty.

Dungeon Overview and Level Annotations

Branches:
Dungeon (3/15)

Altars:


Innate Abilities, Weirdness & Mutations

You are immune to sickness and miasma.
You are immune to poison.
Your flesh is very heat resistant. (rF++)
You are vulnerable to cold. (rC-)
You float through the air rather than walking.
You learn spells naturally, not from books.
Your magical power is your life essence.
You have superior vitality. (+4 MHP)


Message History

There is a stone staircase leading up here.
Casting: Scorch (safe; 4% risk of failure)
Confirm with . or Enter, or press ? or * to list all spells.
Flames lash the gnoll.
The gnoll is severely wounded.
The gnoll's fire resistance burns away.
The gnoll misses you. The gnoll barely misses you.
Casting: Scorch (safe; 4% risk of failure)
Confirm with . or Enter, or press ? or * to list all spells.
Flames lash the gnoll.
The gnoll is burned terribly!
You kill the gnoll!
You fly upwards.
There is a stone staircase leading down here.
You start resting.
HP restored.
You fly downwards.
The orc hits you with a +0 mace. The gnoll closely misses you.
There is a stone staircase leading up here.
The orc closely misses you. The gnoll hits you with a +0 whip.
You fly upwards.
There is a stone staircase leading down here.
Casting: Scorch (safe; 4% risk of failure)
Confirm with . or Enter, or press ? or * to list all spells.
Flames lash the gnoll.
The gnoll is heavily wounded.
The gnoll's fire resistance burns away.
The orc misses you. The gnoll hits you with a +0 whip!
The orc hits you with a +0 mace.
* * * LOW HITPOINT WARNING * * *
The gnoll hits you with a +0 whip.
* * * LOW HITPOINT WARNING * * *
Casting: Scorch (safe; 4% risk of failure)
Confirm with . or Enter, or press ? or * to list all spells.
You don't have enough health to cast this spell.
Unknown command.
You hit the gnoll.
Your weapon exudes an aura of protection.
The gnoll is heavily wounded.
The orc hits you but does no damage. The gnoll hits you with a +0 whip.
You die...

#####.#......######.....###
#....#'##......#...##
####.#...........#.#
#..###.....<....#
##.#####.#.####.# #..##
#........#
######..####.#######
#.........)go#
#.........##@#
#..=......#### #.........#
#.........# #.........#
#.........###
#...........#####
#...............#
#............†..#


You could see a gnoll (combustible) and an orc.

Vanquished Creatures
  3 gnolls
  An adder (D:2)
  2 worms (D:2)
  3 dart slugs
  A bat (D:1)
  3 giant cockroaches
  11 goblins
  A hobgoblin (D:1)
  4 jackals (D:1)
  3 kobolds
  A quokka (D:1)
  6 ball pythons
  3 frilled lizards (D:1)
  4 rats
46 creatures vanquished.

Vanquished Creatures (others)
  104 foxfires
  5 toadstools (D:1)
109 creatures vanquished.

Grand Total: 155 creatures vanquished

Notes
Turn   | Place    | Note
-------+----------+-------------------------------------------
     0 | D:1      | FrogKing the Djinni Fire Elementalist began the quest for
                  | the Orb.
     0 | D:1      | FrogKing set off with the following spells memorised:
                  | Foxfire, Scorch, Conjure Flame, Inner Flame, Flame Wave.
     0 | D:1      | Reached XP level 1. HP: 15/15 MP: 0/0
   275 | D:1      | Reached XP level 2. HP: 19/21 MP: 0/0
   337 | D:1      | Reached skill level 3 in Spellcasting
   495 | D:1      | Found a faded altar of an unknown god.
   518 | D:1      | Reached XP level 3. HP: 9/25 MP: 0/0
   518 | D:1      | Learned a level 1 spell: Slow
   715 | D:1      | You are sucked into a shaft and drop 1 floor!
  2024 | D:2      | Reached XP level 4. HP: 26/31 MP: 0/0
  2650 | D:2      | Reached skill level 4 in Spellcasting
  2866 | D:2      | Slain by a gnoll

Illustrated notes

Levels and vault maps discovered:
D:1:      dpeg_arrival_chambers_temple_mockup, layout_basic,
          chequers_ecumenical_altar_simple_redux, minmay_gold_behind_fungi,
          chequers_garden, fountainhead
D:2:      layout_basic, chequers_serial_rivers_micro_c
D:3:      minmay_evil_eye, layout_basic

Skill      XL: |  1  2  3  4 |
---------------+-------------+-----
Spellcasting   | 3 4 |  4.1
Dodging        | |  2.1
Stealth        | |  1.5

Action                   |  1- 3 |  4- 6 || total
-------------------------+-------+-------++-------
Melee: Dagger            |       |     1 ||     1
 Cast: Foxfire           |    43 |    21 ||    64
       Scorch            |    13 |     9 ||    22
Armor: Robe              |     4 |     6 ||    10
Dodge: Dodged            |    13 |    14 ||    27
